 Dungeon Crawl Stone Soup version 0.30-a0-476-g330ca2eb8e (webtiles) character file.

Game seed: 11501813450438672673

1087 tilp the Ducker (level 8, 0/68 HPs)
             Began as a Meteoran Fighter on Dec 21, 2022.
             Was an Initiate of Okawaru.
             Slain by a steam dragon (1 damage)
             ... on level 6 of the Dungeon.
             The game lasted 00:11:41 (1946 turns).

tilp the Ducker (Meteoran Fighter)                  Turns: 1946, Time: 00:11:41

Health: 0/68       AC: 10    Str: 17    XL:     8   Next: 86%
Magic:  9/9        EV: 11    Int: 10    God:    Okawaru [......]
Gold:   798        SH:  5    Dex: 16    Spells: 7/7 levels left

rFire   . . .      SeeInvis .    a - +1 long sword
rCold   . . .      Faith    .    c - +0 buckler
rNeg    . . .      Spirit   .    b - +0 scale mail
rPois   .          Reflect  .    k - +1 helmet
rElec   .          Harm     .    (no cloak)
rCorr   .          Rampage  .    (no gloves)
Will    +....                    o - +0 pair of boots
Stlth   +.........               (no amulet)
HPRegen 0.31/turn                (no ring)
MPRegen 0.11/turn                (no ring)

@: glowing
A: sense surroundings 1, otherworldly, glowing, explore regen
a: Renounce Religion


You were on level 6 of the Dungeon.
You worshipped Okawaru.
Okawaru was noncommittal.
You visited 2 branches of the dungeon, and saw 7 of its levels.
You also visited: Sewer.

You collected 941 gold pieces.
You spent 143 gold pieces at shops.

Inventory:

Hand Weapons
 a - a +1 long sword (weapon)
 f - a +2 short sword of venom
 m - a +1 short sword of flaming
Missiles
 e - 3 stones
 g - a poisoned dart (quivered)
 n - a throwing net
 q - a curare-tipped dart
Armour
 b - a +0 scale mail (worn)
 c - a +0 buckler (worn)
 d - a +0 plate armour
 k - a +1 helmet (worn)
 o - a +0 pair of boots (worn)
Scrolls
 r - 2 scrolls of magic mapping
 s - a scroll of enchant weapon
Potions
 h - a potion of berserk rage
 i - a potion of brilliance {unknown}
 j - 2 potions of lignification
 t - a potion of experience {unknown}


   Skills:
 + Level 5.3 Fighting
 + Level 5.4 Long Blades
 - Level 2.0 Throwing
 + Level 5.4 Armour
 + Level 5.4 Dodging
 + Level 3.2 Stealth
 - Level 4.0 Shields


You had 7 spell levels left.
You didn't know any spells.
Your spell library contained the following spells:

 Spells                   Type           Power      Damage    Failure   Level
 Shock                    Conj/Air       0%         1d3       83%         1
 Swiftness                Air            0%         N/A       99%         3
 Airstrike                Air            0%         2d(0-16)  100%        4


Dungeon Overview and Level Annotations

Branches:
Dungeon (6/15) Zot: 2051   Temple (1/1) D:4 Zot: 566   Sewer (visited)

Altars:
Makhleb
Okawaru
Ru
Sif Muna
Trog
Xom
Yredelemnul
Zin
The Shining One

Shops:
D:2 (   D:5 (

Annotations:
Temple 2 transporters


Innate Abilities, Weirdness & Mutations

You passively map a small area around you.
You are easily found by Zot.
You glow in the dark.
You regain HP and MP as you explore.


Message History

You are engulfed in a cloud of scalding steam.
The steam dragon bites you.
The steam dragon claws you but does no damage.
You block the steam dragon's attack. The steam dragon barely misses you.
You barely miss the steam dragon.
The steam dragon is moderately wounded.
You are engulfed in a cloud of scalding steam.
* * * LOW HITPOINT WARNING * * *
The steam dragon bites you.
* * * LOW HITPOINT WARNING * * *
The steam dragon misses you.
The steam dragon bites you but does no damage.
The steam dragon claws you but does no damage.
Unknown command.
You hit the steam dragon.
The steam dragon is moderately wounded.
The steam dragon closely misses you. The steam dragon barely misses you.
Unknown command.
You completely miss the steam dragon.
The steam dragon is moderately wounded.
The steam dragon breathes steam at you. The ball of steam hits you!!
* * * LOW HITPOINT WARNING * * *
Unknown command.
Unknown command.
Really quaff the potion of lignification?
Okay, then.
Unknown command.
Unknown command.
You hit the steam dragon.
The steam dragon is heavily wounded.
You block the steam dragon's attack. The steam dragon barely misses you.
You completely miss the steam dragon.
The steam dragon is heavily wounded.
The steam dragon barely misses you. The steam dragon claws you.
* * * LOW HITPOINT WARNING * * *
The steam dragon bites you.
* * * LOW HITPOINT WARNING * * *
The steam dragon claws you.
You die...

###.##. , , *
#....., , * ,
,?...## . , #. #
,..... .., *
#.##.##... ... , *
#.. ,.... ..,, * ,
#..#,*#.###.#...
#..!, #.D......$ *
* ####..$
#§@##.#..# *
.......###§.#
.>..)..<....# * ,
###....#.#### ,
#....#)#######..#
* *
#.....#.†.......#*
** *
##...#.########.#
* #..... , , , ,
##.... , *


You could see a steam dragon.

Vanquished Creatures
  Eustachio (D:4)
  A steam dragon (D:6)
  2 kobold brigands (Sewer)
  Blork the orc (D:4)
  2 necrophages
  3 scorpions
  2 hounds
  3 iguanas (D:5)
  An orc wizard (D:2)
  Robin (D:3)
  4 adders (Sewer)
  4 river rats
  An ufetubus (D:5)
  5 orcs
  4 endoplasms
  4 giant cockroaches
  11 goblins
  4 hobgoblins
  2 jackals (Sewer)
  5 kobolds
  3 quokkas
  7 ball pythons
  3 bats
  6 frilled lizards
  4 rats
84 creatures vanquished.

Vanquished Creatures (others)
  8 plants (Sewer)
8 creatures vanquished.

Grand Total: 92 creatures vanquished

Notes
Turn   | Place    | Note
-------+----------+-------------------------------------------
     0 | D:1      | tilp the Meteoran Fighter began the quest for the Orb.
     0 | D:1      | Reached XP level 1. HP: 19/19 MP: 2/2
    54 | D:1      | Reached XP level 2. HP: 26/26 MP: 3/3
   169 | D:2      | Found Rufiriops's Antique Weapon Emporium.
   177 | D:2      | Reached skill level 1 in Dodging
   234 | D:2      | Reached XP level 3. HP: 31/31 MP: 4/4
   289 | D:2      | Reached XP level 4. HP: 6/39 MP: 5/5
   398 | D:3      | Reached skill level 1 in Stealth
   415 | D:3      | Noticed Robin
   451 | D:3      | Killed Robin
   452 | D:3      | Reached XP level 5. HP: 30/46 MP: 6/6
   553 | D:5      | Entered Level 5 of the Dungeon
   554 | D:5      | Identified a scroll of acquirement
   554 | D:5      | Acquired 833 gold pieces
   637 | D:5      | Reached XP level 6. HP: 42/52 MP: 7/7
   641 | D:5      | Found Nogoabbe's Weapon Shop.
   671 | D:6      | Noticed a steam dragon
   795 | D:5      | Reached XP level 7. HP: 55/59 MP: 8/8
   837 | D:5      | Reached skill level 1 in Throwing
   881 | D:5      | Found a glowing drain.
   885 | Sewer    | Entered a sewer
  1263 | Sewer    | Glimpsed the power of Zot.
  1286 | Sewer    | Reached XP level 8. HP: 65/67 MP: 9/9
  1300 | Sewer    | Glimpsed the power of Zot.
  1335 | Sewer    | Glimpsed the power of Zot.
  1524 | D:2      | Bought a glowing long sword for 143 gold pieces
  1640 | D:4      | Noticed Blork the orc
  1648 | D:4      | Killed Blork the orc
  1706 | D:4      | Noticed Eustachio
  1707 | D:4      | Found a staircase to the Ecumenical Temple.
  1724 | D:4      | Killed Eustachio
  1725 | D:4      | Reached skill level 5 in Fighting
  1725 | D:4      | Reached skill level 5 in Long Blades
  1725 | D:4      | Reached skill level 5 in Armour
  1725 | D:4      | Reached skill level 5 in Dodging
  1739 | Temple   | Entered the Ecumenical Temple
  1739 | Temple   | Found a transporter.
  1739 | Temple   | Found a transporter.
  1741 | Temple   | Found a transporter.
  1741 | Temple   | Found a transporter.
  1760 | Temple   | Became a worshipper of Warmaster Okawaru
  1918 | D:6      | Killed a steam dragon
  1932 | D:6      | Noticed a steam dragon
  1946 | D:6      | HP: 1/68 [steam dragon (6)]
  1946 | D:6      | Slain by a steam dragon

Illustrated notes

Levels and vault maps discovered:
D:1:      wander_arrival_desolate, layout_loops_corners
D:2:      layout_rooms, nicolae_ecumenical_oubliette, serial_shops,
          nicolae_diamond_shop, dreamdust_princess_bridge, minmay_surrounded
D:3:      layout_basic, grunt_ministairs_8, uniq_robin
D:4:      layout_gridville, minmay_temple_entry_butterflies,
          ebering_dispersal_statue_hall, uniq_eustachio, uniq_blork_the_orc
D:5:      minmay_diamond_boxcup, layout_loops_corners, serial_shops,
          shop_fountains, gup_sewer_entry_bowl, kennysheep_generic_room_10
D:6:      layout_loops_ring, grunt_temple_overflow_open,
          grunt_gozag_breadcrumbs, uniq_pikel
Temple:   hellmonk_temple_divided_pantheon

Skill      XL: |  1  2  3  4  5  6  7  8 |
---------------+-------------------------+-----
Dodging        | 1 2 3 4 5 |  5.4
Shields        | 4 |  4.0
Armour         | 4 5 |  5.4
Stealth        | 1 2 3 |  3.2
Long Blades    | 3 4 5 |  5.4
Fighting       | 4 5 |  5.3
Throwing       | 2 |  2.0

Action                   |  1- 3 |  4- 6 |  7- 9 || total
-------------------------+-------+-------+-------++-------
Melee: Long sword        |    97 |   116 |   176 ||   389
Throw: Dart              |       |       |     5 ||     5
       Stone             |       |       |     3 ||     3
       Throwing net      |       |       |     1 ||     1
  Use: Potion            |     1 |       |     1 ||     2
       Scroll            |       |     5 |     4 ||     9
Armor: Scale mail        |    55 |    61 |    75 ||   191
Dodge: Dodged            |    43 |    56 |    75 ||   174
Block: Buckler           |    31 |    33 |    44 ||   108

Table legend: (Time is in decaauts)
 A = Elapsed time spent in this place.
 B = Non-inter-level travel time spent in this place.
 C = Inter-level travel time spent in this place.
 D = Time resting spent in this place.
 E = Time spent auto-exploring this place.
 F = Levels seen in this place.
 G = Mean time per level.
                   A        B        C        D        E       F      G
               +--------+--------+--------+--------+--------+-----+--------+
         Total |   2171 |   1812 |    359 |      0 |      0 |   8 |  271.4 |
       Dungeon |   1547 |   1198 |    349 |      0 |      0 |   6 |  257.8 |
        Temple |     33 |     23 |     10 |      0 |      0 |   1 |   33.0 |
         Sewer |    590 |    590 |      0 |      0 |      0 |   1 |  590.0 |
               +--------+--------+--------+--------+--------+-----+--------+

Top non-repeatable levels by time:
   Sewer: 590 daAuts
     D:5: 503 daAuts
     D:2: 283 daAuts
     D:4: 260 daAuts
     D:3: 255 daAuts
     D:1: 188 daAuts
     D:6: 55 daAuts
  Temple: 33 daAuts
